 Dungeon Crawl Stone Soup version 0.31-a0-986-g5e6e4ef867 (webtiles) character file.

Game seed: 3190016005765932956

557 croobank the Chopper (level 6, -1/51 HPs)
             Began as a Demigod Delver on Nov 4, 2023.
             Slain by Edmund
             ... wielding a +2 heavy dire flail
              (4 damage)
             ... on level 5 of the Dungeon.
             The game lasted 00:13:00 (4215 turns).

croobank the Chopper (Demigod Delver)               Turns: 4215, Time: 00:13:01

Health: -1/51      AC:  8    Str: 17    XL:     6   Next: 82%
Magic:  8/8        EV: 11    Int: 16    God:
Gold:   184        SH:  0    Dex: 15    Spells: 5/5 levels left

rFire   . . .        h - +0 broad axe
rCold   . . .        (no shield)
rNeg    . . .        w - +2 ring mail
rPois   .            j - +0 helmet
rElec   .            (no cloak)
rCorr   .            (no gloves)
SInv    .            (no boots)
Will    +....        (no amulet)
Stlth   ++           (no ring)
HPRegen 0.28/turn    (no ring)
MPRegen 0.11/turn

%: no passive effects
@: marked
A: high MP 1, forlorn, divine attributes, claws 1, strong-willed 1
a: no special abilities


You were on level 5 of the Dungeon.
You visited 1 branch of the dungeon, and saw 5 of its levels.

You collected 184 gold pieces.

Inventory:

Hand Weapons
 a - a +0 short sword
 f - a +1 short sword of electrocution
 h - a +0 broad axe (weapon)
 n - a +2 dagger of venom
 t - a +0 long sword of protection
Missiles
 o - 6 boomerangs
 u - 7 poisoned darts
 v - 2 datura-tipped darts (quivered)
Armour
 b - a +0 leather armour
 j - a +0 helmet (worn)
 w - a +2 ring mail (worn)
Wands
 e - a wand of polymorph (6)
 g - a wand of digging (3)
 y - a wand of flame (15)
 z - a wand of light (5)
Scrolls
 c - 5 scrolls of fog
 d - 2 scrolls of revelation
 i - 3 scrolls of teleportation
 m - a scroll of torment
Potions
 k - a potion of mutation
 l - a potion of brilliance
 r - a potion of resistance
 s - a potion of heal wounds
 x - 2 potions of ambrosia


   Skills:
 + Level 3.2 Fighting
 - Level 1.8 Short Blades
 + Level 5.9 Axes
 + Level 1.5 Armour
 + Level 2.5 Dodging
 - Level 4.5 Stealth


You had 5 spell levels left.
You didn't know any spells.
Your spell library contained the following spells:

 Spells                   Type           Power      Damage    Failure   Level
 Apportation              Tloc           0%         N/A       41%         1
 Necrotise                Necr           0%         1d4       41%         1
 Summon Small Mammal      Summ           0%         N/A       41%         1
 Call Imp                 Summ           0%         N/A       56%         2
 Cigotuvi's Dreadful Rot  Necr/Pois/Air  0%         N/A       56%         2
 Sublimation of Blood     Necr           0%         N/A       56%         2
 Wereblood                Tmut           0%         N/A       56%         2
 Volatile Blastmotes      Fire/Tloc      0%         2d10      80%         3
 Fulminant Prism          Conj/Hex       0%         3d5       99%         4
 Iskenderun's Mystic Bla  Conj/Tloc      0%         2d3       99%         4
 Silence                  Hex/Air        0%         N/A       100%        5
 Summon Hydra             Summ           0%         N/A       100%        7


Dungeon Overview and Level Annotations

Branches:
Dungeon (5/15)
 Temple: D:4-7

Shops:
D:2 =

Annotations:
D:5 Edmund


Innate Abilities, Weirdness & Mutations

You have an increased reservoir of magic. (+10% MP)
You shall have no god before yourself.
Your divine heritage dramatically boosts your attributes as you level up.
You have sharp fingernails.
You are strong-willed. (Will+)


Message History

The white imp gestures at you. The puff of frost hits you!
Edmund the Younger comes into view.
He is wielding a +2 heavy dire flail.
You hit the white imp but do no damage.
The white imp hits you but does no damage.
You barely miss the white imp. The white imp gestures at you.
The puff of frost hits you but does no damage.
The white imp gestures at you. The puff of frost hits you!
Throw: 3 darts (datura)
Press: ? - help, Q - select action, (/) - cycle Shift-Dir - straight line, f - Edmund
Aim: Edmund, wielding a +2 heavy dire flail and wearing a +0 leather armour (56% to hit, chance to frenzy on hit: 67%)
You throw a datura-tipped dart. The datura-tipped dart hits Edmund.
Edmund flies into a frenzy!
The white imp barely misses you.
Edmund shouts!
The white imp attacks as it pursues you!
The white imp barely misses you.
Edmund hits the white imp with a +2 heavy dire flail!!
The white imp dies!
You hit Edmund but do no damage.
Edmund hits you with a +2 heavy dire flail!
You slash Edmund!
Edmund is lightly wounded.
Edmund hits you with a +2 heavy dire flail.
Edmund misses you.
You closely miss Edmund.
Edmund is lightly wounded.
Edmund barely misses you.
You hit Edmund.
Edmund is moderately wounded.
Edmund hits you with a +2 heavy dire flail!!
* * * LOW HITPOINT WARNING * * *
Aiming: Bolt of Light
Press: ? - help, Shift-Dir - straight line, f/p - Edmund
Aim: Edmund, wielding a +2 heavy dire flail and wearing a +0 leather armour (moderately wounded, fast, strong, frenzied and wild, 71% to hit)
The bolt of light misses Edmund.
Edmund hits you with a +2 heavy dire flail.
You die...

.# #.....###.#.# .#
###.#5###...# .#
...#.......# .# ###
#######.# .# #.##### #.#
.#######.....###.#
....#.......(....#
.##.#.####.####@.#
..#.#.##.....##.@#
....#.#.......#..#
......#.......#..#
.####....._......#
......#.......#..#######
..##..#.......#........#
..###.##.....##.<...##.#
......####)####.###.##.#
........)..)....###.##.#


You could see the neutral Edmund (fast, strong, frenzied).

Vanquished Creatures
  2 electric eels (D:3)
  An orc priest (D:3)
  4 hounds
  An orc wizard (D:4)
  Robin (D:3)
  7 adders
  4 gnolls (D:5)
  A worm (D:3)
  2 dart slugs
  6 orcs
  8 endoplasms
  6 giant cockroaches
  10 goblins
  15 hobgoblins
  3 jackals (D:1)
  7 kobolds
  3 quokkas
  14 ball pythons
  8 bats
  A frilled lizard (D:2)
  4 rats
108 creatures vanquished.

Vanquished Creatures (collateral kills)
  A white imp (D:5)
1 creature vanquished.

Vanquished Creatures (others)
  Duvessa (D:5)
  Dowan (D:5)
2 creatures vanquished.

Grand Total: 111 creatures vanquished

Notes
Turn   | Place    | Note
-------+----------+-------------------------------------------
     0 | D:5      | croobank the Demigod Delver began the quest for the Orb.
     0 | D:5      | Reached XP level 1. HP: 18/18 MP: 3/3
    71 | D:4      | Noticed a hound
    77 | D:4      | Killed a hound
    78 | D:4      | Reached skill level 2 in Axes
    78 | D:4      | Reached XP level 2. HP: 14/25 MP: 4/4
   225 | D:2      | Reached XP level 3. HP: 25/30 MP: 5/5
   268 | D:2      | Got the Folio of Galvanic Phantasms
   729 | D:1      | Reached skill level 3 in Axes
  1442 | D:2      | Reached XP level 4. HP: 37/37 MP: 6/6
  1444 | D:2      | Found Wutreadi's Jewellery Boutique.
  2204 | D:3      | Reached skill level 4 in Axes
  2315 | D:3      | Found a transporter.
  2343 | D:3      | Found a transporter.
  2361 | D:3      | Reached XP level 5. HP: 10/42 MP: 7/7
  2541 | D:3      | Noticed Robin
  2544 | D:3      | Reached skill level 5 in Axes
  2632 | D:3      | Killed Robin
  3381 | D:4      | Reached XP level 6. HP: 45/50 MP: 8/8
  3754 | D:5      | Reached skill level 1 in Armour
  3832 | D:5      | HP: 2/51 [gnoll/+0 spear (6)]
  3833 | D:5      | Gained mutation: You have sharp fingernails. [potion of
                  | mutation]
  3833 | D:5      | Gained mutation: You are strong-willed. (Will+) [potion of
                  | mutation]
  4033 | D:5      | Noticed Duvessa
  4033 | D:5      | Noticed Dowan
  4048 | D:5      | Killed Dowan
  4052 | D:5      | Killed Duvessa
  4204 | D:5      | Noticed Edmund
  4215 | D:5      | Slain by Edmund

Illustrated notes

Levels and vault maps discovered:
D:1:      nzn_arrival_crosshair, layout_basic, minmay_misc_feat_square
D:2:      layout_basic, serial_shops, shop
D:3:      gammafunk_steamed_eel, layout_basic, elyvilon_altar_5, uniq_robin
D:4:      layout_cave_pools, nicolae_ru_great_annihilating_truth
D:5:      layout_basic, old_standard_altar, nicolae_dithmenos_shadow_blocks,
          portal_sewer_entry_f, uniq_duvessa, uniq_edmund

Skill      XL: |  1  2  3  4  5  6 |
---------------+-------------------+-----
Axes           | 2 3 4 5 |  5.9
Dodging        | 2 |  2.5
Fighting       | 3 |  3.2
Armour         | 1 |  1.5
Short Blades   | |  1.8
Stealth        | |  4.5

Action                     |  1- 3 |  4- 6 || total
---------------------------+-------+-------++-------
  Melee: Broad axe         |   127 |   161 ||   288
         Short sword       |     2 |       ||     2
         Punch             |     1 |     1 ||     2
         Unarmed           |       |     2 ||     2
  Throw: Dart              |       |    13 ||    13
  Evoke: Wand              |       |    11 ||    11
    Use: Potion            |       |     9 ||     9
         Scroll            |       |     6 ||     6
   Stab: Sleeping          |    15 |     7 ||    22
         Distracted        |       |     2 ||     2
         Invisible         |       |     1 ||     1
         Paralysed         |       |     1 ||     1
 Armour: Leather armour    |    70 |    13 ||    83
         Ring mail         |       |   119 ||   119
         Skin              |       |     8 ||     8
  Dodge: Dodged            |   116 |   138 ||   254

Table legend: (Time is in decaauts)
 A = Elapsed time spent in this place.
 B = Non-inter-level travel time spent in this place.
 C = Inter-level travel time spent in this place.
 D = Time resting spent in this place.
 E = Time spent auto-exploring this place.
 F = Levels seen in this place.
 G = Mean time per level.
                   A        B        C        D        E       F      G
               +--------+--------+--------+--------+--------+-----+--------+
         Total |   4312 |   4183 |    129 |    850 |   2311 |   5 |  862.4 |
       Dungeon |   4312 |   4183 |    129 |    850 |   2311 |   5 |  862.4 |
               +--------+--------+--------+--------+--------+-----+--------+

Top non-repeatable levels by time:
     D:3: 1352 daAuts
     D:1: 1043 daAuts
     D:4: 690 daAuts
     D:2: 684 daAuts
     D:5: 541 daAuts
